 Dungeon Crawl Stone Soup version 0.29-a0-962-gc8bbfd0a37 (webtiles) character file.

Game seed: 5517359830908558691

333 wilfster70 the Digger (level 6, 0/32 HPs)
             Began as a Gargoyle Earth Elementalist on July 30, 2022.
             Was a Priest of Cheibriados.
             Slain by Sigmund
             ... wielding a +2 scythe of protection
              (4 damage)
             ... on level 2 of the Dungeon.
             The game lasted 00:08:47 (2808 turns).

wilfster70 the Digger (Gargoyle Earth Elementalist) Turns: 2808, Time: 00:08:48

Health: 0/32       AC:  6    Str: 20      XL:     6   Next: 52%
Magic:  5/11       EV: 12    Int: 22 (25) God:    Cheibriados [***...]
Gold:   66         SH:  0    Dex: 17 (18) Spells: 8/12 levels left

rFire   . . .      SeeInvis .   a - +2 short sword (venom)
rCold   . . .      Faith    .   (no shield)
rNeg    + . .      Spirit   .   c - +0 robe
rPois   ∞          Reflect  .   (no helmet)
rElec   +          Harm     .   (no cloak)
rCorr   .          Rampage  .   (no gloves)
Will    .....                   (no boots)
Stlth   ++........              (no amulet)
HPRegen 0.10/turn               (no ring)
MPRegen 0.12/turn               (no ring)

@: mighty, very slow
A: sickness immunity, AC +4, negative energy resistance 1, electricity
resistance, torment resistance 1, petrification resistance
a: Renounce Religion, Bend Time, Temporal Distortion


You were on level 2 of the Dungeon.
You worshipped Cheibriados.
Cheibriados was most pleased with you.
You visited 1 branch of the dungeon, and saw 3 of its levels.
You also visited: Sewer.

You collected 66 gold pieces.

Inventory:

Hand Weapons
 a - a +2 short sword of venom (weapon)
 d - a +0 dagger
 f - a +2 mace of protection
Armour
 c - a +0 robe (worn)
Jewellery
 e - a ring of fire
 j - a ring of ice
Scrolls
 l - 3 scrolls of butterflies
Potions
 b - a potion of magic
 g - a potion of invisibility {unknown}
 h - a potion of degeneration
 i - a potion of might
 k - a potion of haste {unknown}


   Skills:
 - Level 1.5 Dodging
 - Level 2.1 Stealth
 + Level 3.5 Spellcasting
 - Level 0.7 Transmutations
 + Level 5.9 Earth Magic
 * Level 4.0 Invocations


You had 8 spell levels left.
You knew the following spells:

 Your Spells              Type           Power      Damage    Failure   Level
a - Sandblast             Erth           58%        2d13      1%          1
b - Stone Arrow           Conj/Erth      32%        3d9       11%         3

Your spell library contained the following spells:

 Spells                   Type           Power      Damage    Failure   Level
 Passwall                 Tmut/Erth      15%        N/A       4%          2
 Petrify                  Tmut/Erth      18%        N/A       30%         4
 Portal Projectile        Hex/Tloc       6%         N/A       34%         3
 Tukima's Dance           Hex            3%         N/A       34%         3
 Blade Hands              Tmut           3%         N/A       94%         5


Dungeon Overview and Level Annotations

Branches:
Dungeon (3/15)              Sewer (visited)

Altars:
Cheibriados
The Shining One

Annotations:
D:2 Sigmund


Innate Abilities, Weirdness & Mutations

You are immune to sickness and miasma.
Your stone body is resilient. (AC +4)
You are immune to poison.
You resist negative energy. (rN+)
You are resistant to electric shocks. (rElec)
You are resistant to unholy torment.
You are immune to petrification.


Message History

Sigmund hits you from afar with a +2 scythe of protection.
Casting: Sandblast (safe; 1% risk of failure)
Confirm with . or Enter, or press ? or * to list all spells.
Aiming: Sandblast (safe; 1% risk of failure)
Press: ? - help, Shift-Dir - straight line, f/p - Sigmund
Aim: Sigmund, wielding a +2 scythe of protection and wearing a +0 robe (heavily wounded, 81% to hit)
The blast of sand hits Sigmund but does no damage.
Sigmund is heavily wounded.
Sigmund closely misses you.
Casting: Sandblast (safe; 1% risk of failure)
Confirm with . or Enter, or press ? or * to list all spells.
Aiming: Sandblast (safe; 1% risk of failure)
Press: ? - help, Shift-Dir - straight line, f/p - Sigmund
Aim: Sigmund, wielding a +2 scythe of protection and wearing a +0 robe (heavily wounded, 81% to hit)
The blast of sand hits Sigmund but does no damage.
Sigmund is heavily wounded.
Sigmund misses you.
Casting: Sandblast (safe; 1% risk of failure)
Confirm with . or Enter, or press ? or * to list all spells.
Aiming: Sandblast (safe; 1% risk of failure)
Press: ? - help, Shift-Dir - straight line, f/p - Sigmund
Aim: Sigmund, wielding a +2 scythe of protection and wearing a +0 robe (heavily wounded, 81% to hit)
The blast of sand hits Sigmund.
Sigmund is heavily wounded.
Sigmund hits you from afar with a +2 scythe of protection!
* * * LOW HITPOINT WARNING * * *
Sigmund barely misses you.
Casting: Sandblast (safe; 1% risk of failure)
Confirm with . or Enter, or press ? or * to list all spells.
Aiming: Sandblast (safe; 1% risk of failure)
Press: ? - help, Shift-Dir - straight line, f/p - Sigmund
Aim: Sigmund, wielding a +2 scythe of protection and wearing a +0 robe (heavily wounded, 81% to hit)
The blast of sand hits Sigmund but does no damage.
Sigmund is heavily wounded.
Sigmund hits you from afar with a +2 scythe of protection.
* * * LOW HITPOINT WARNING * * *
It was a potion of might.
You feel very mighty all of a sudden.
Sigmund hits you from afar with a +2 scythe of protection.
You die...

#####.#..###
#....##...$....#
#....##.##...#####
#...........###...
#........##<###.#.
#....###..........
#..@.##...........
#....#............
####@...#............
#....####............
##.######............
#...........[[......
########......[.....
##...........
######.....#....
#.......[..#####
#..<.......#


You could see Sigmund.

Vanquished Creatures
  2 bullfrogs (Sewer)
  A scorpion (D:3)
  6 adders
  A river rat (Sewer)
  A dart slug (D:2)
  An orc (D:3)
  12 ball pythons
  6 endoplasms
  5 giant cockroaches
  6 goblins
  6 hobgoblins
  4 jackals (D:1)
  4 quokkas
  2 bats
  4 frilled lizards
  5 kobolds
  26 rats
92 creatures vanquished.

Notes
Turn   | Place    | Note
-------+----------+-------------------------------------------
     0 | D:1      | wilfster70 the Gargoyle Earth Elementalist began the quest
                  | for the Orb.
     0 | D:1      | Reached XP level 1. HP: 10/10 MP: 3/3
   101 | D:1      | Reached skill level 4 in Earth Magic
   102 | D:1      | Reached XP level 2. HP: 9/15 MP: 5/5
   643 | D:1      | Reached XP level 3. HP: 19/19 MP: 3/6
   764 | D:1      | Found a faded altar of an unknown god.
   770 | D:1      | Prayed at the altar of an unknown god.
   770 | D:1      | Became a worshipper of Cheibriados the Contemplative
   770 | D:1      | Reached * piety under Cheibriados
  1524 | D:2      | Noticed Sigmund
  1527 | D:2      | You fall into a shaft and drop 1 floor!
  1548 | D:3      | Noticed a scorpion
  1553 | D:3      | Killed a scorpion
  1554 | D:3      | Reached skill level 5 in Earth Magic
  1554 | D:3      | Reached XP level 4. HP: 20/24 MP: 2/8
  1648 | D:3      | Found a glowing drain.
  1665 | Sewer    | Entered a sewer
  1750 | Sewer    | Reached XP level 5. HP: 28/28 MP: 7/9
  1753 | Sewer    | Reached ** piety under Cheibriados
  1912 | Sewer    | Learned a level 3 spell: Stone Arrow
  2149 | Sewer    | Reached *** piety under Cheibriados
  2377 | Sewer    | HP: 1/28 [bullfrog (5)]
  2427 | Sewer    | Reached XP level 6. HP: 25/32 MP: 7/11
  2623 | D:3      | Found a glowing golden altar of the Shining One.
  2808 | D:2      | Slain by Sigmund

Illustrated notes

Levels and vault maps discovered:
D:1:      lemuel_arrival_hallway, layout_loops_ring,
          shapermc_ecumenical_altar_petra
D:2:      layout_rooms, uniq_robin, uniq_sigmund
D:3:      layout_loops_cross, nicolae_hepliaklqana_ecumenical_no_more,
          tso_metal_star, gammafunk_ghost_nasty_kobolds, portal_sewer_entry_f,
          grunt_decor_arrowhead, dk_noncrumbling_3

Skill      XL: |  1  2  3  4  5  6 |
---------------+-------------------+-----
Earth Magic    | 4 5 |  5.9
Invocations    | 2 3 4 |  4.0
Spellcasting   | 3 |  3.5
Dodging        | |  1.5
Stealth        | |  2.1
Transmutations | |  0.7

Action                   |  1- 3 |  4- 6 || total
-------------------------+-------+-------++-------
Melee: Mace              |     9 |       ||     9
       Short sword       |       |     4 ||     4
 Cast: Sandblast         |    49 |    73 ||   122
  Use: Scroll            |     1 |     4 ||     5
       Potion            |       |     3 ||     3
 Stab: Sleeping          |     1 |       ||     1
Armor: Robe              |    11 |    35 ||    46
Dodge: Dodged            |    29 |    55 ||    84

Table legend: (Time is in decaauts)
 A = Elapsed time spent in this place.
 B = Non-inter-level travel time spent in this place.
 C = Inter-level travel time spent in this place.
 D = Time resting spent in this place.
 E = Time spent auto-exploring this place.
 F = Levels seen in this place.
 G = Mean time per level.
                   A        B        C        D        E       F      G
               +--------+--------+--------+--------+--------+-----+--------+
         Total |   3555 |   3480 |     75 |   1052 |    999 |   4 |  888.8 |
       Dungeon |   2370 |   2295 |     75 |    521 |    999 |   3 |  790.0 |
         Sewer |   1185 |   1185 |      0 |    531 |      0 |   1 | 1185.0 |
               +--------+--------+--------+--------+--------+-----+--------+

Top non-repeatable levels by time:
     D:1: 1525 daAuts
   Sewer: 1185 daAuts
     D:3: 463 daAuts
     D:2: 380 daAuts
